 Dungeon Crawl Stone Soup version 0.30-a0-956-gcec3b41aec (webtiles) character file.

Game seed: 10596150499944366224

1036 dredge the Slasher (level 8, -3/61 HPs)
             Began as a Human Berserker on Mar 30, 2023.
             Was a Believer of Trog.
             Slain by a killer bee (4 damage)
             ... on level 6 of the Dungeon.
             The game lasted 00:15:35 (4750 turns).

dredge the Slasher (Human Berserker)                Turns: 4750, Time: 00:15:37

Health: -3/61      AC: 14    Str: 19    XL:     8   Next: 48%
Magic:  0/8        EV: 11    Int:  8    God:    Trog [**....]
Gold:   115        SH:  0    Dex: 13    Spells: 7/7 levels left

rFire   . . .      SeeInvis .    E - +0 scimitar (holy)
rCold   . . .      Faith    .    (no shield)
rNeg    . . .      Spirit   +    m - +0 plate armour
rPois   .          Reflect  .    (no helmet)
rElec   .          Rampage  .    H - +0 cloak
rCorr   .                        (no gloves)
Will    +....                    n - +0 pair of boots Stlth
                                 j - amulet of guardian spirit
HPRegen 0.30/turn                e - ring of willpower
MPRegen 0.11/turn                B - +5 ring of evasion

@: lethally poisoned (-3 -> -6), on berserk cooldown, slowed, very slow
A: no striking features
a: Renounce Religion, Berserk, Trog's Hand


You were on level 6 of the Dungeon.
You worshipped Trog.
Trog was pleased with you.
You visited 1 branch of the dungeon, and saw 6 of its levels.

You collected 234 gold pieces.
You spent 119 gold pieces at shops.

Inventory:

Hand Weapons
 E - a +0 scimitar of holy wrath (weapon)
 F - a +1 flail of protection
Missiles
 c - 17 poisoned darts (quivered)
Armour
 i - a +0 chain mail
 m - a +0 plate armour (worn)
 n - a +0 pair of boots (worn)
 H - a +0 cloak (worn)
Jewellery
 e - a ring of willpower (left hand)
 j - an amulet of guardian spirit (around neck)
 B - a +5 ring of evasion (right hand)
Wands
 a - a wand of flame (12)
 y - a wand of roots (15)
 C - a wand of paralysis (20)
Scrolls
 d - a scroll of magic mapping {unknown}
 g - 2 scrolls of noise {unknown}
 h - 3 scrolls of teleportation {unknown}
 k - a scroll of fear {unknown}
 l - 2 scrolls of enchant armour {unknown}
 o - 3 scrolls of poison {unknown}
 r - a scroll of blinking {unknown}
 v - 2 scrolls of fog {unknown}
 w - a scroll of enchant weapon {unknown}
 D - a scroll of amnesia {unknown}
Potions
 b - a potion of heal wounds {unknown}
 f - 2 potions of lignification
 p - 3 potions of mutation
 q - 3 potions of curing {unknown}
 s - a potion of cancellation {unknown}
 t - 2 potions of invisibility
 u - a potion of degeneration {unknown}
 x - 2 potions of flight
 z - a potion of haste {unknown}
 A - a potion of berserk rage {unknown}


   Skills:
 + Level 4.5 Fighting
 + Level 7.9 Long Blades
 + Level 4.8 Armour
 + Level 2.3 Dodging
 + Level 0.1 Stealth


You had 7 spell levels left.
You didn't know any spells.
Your spell library contained the following spells:

 Spells                   Type           Power      Damage    Failure   Level
 Frozen Ramparts          Ice            0%         1d1       100%        3
 Ignite Poison            Fire/Tmut/Pois 0%         N/A       100%        3
 Ice Form                 Ice/Tmut       0%         N/A       100%        4
 Sticky Flame             Conj/Fire      0%         2d3       100%        4
 Summon Ice Beast         Ice/Summ       0%         N/A       100%        4
 Ignition                 Fire           0%         3d3       100%        8


Dungeon Overview and Level Annotations

Branches:
Dungeon (6/15)             Temple (0/1) D:5

Altars:
Fedhas
Kikubaaqudgha
Nemelex Xobeh
Qazlal
Ru
Sif Muna
Yredelemnul

Shops:
D:5 (


Message History

You slash the killer bee!
You kill the killer bee!
Trog accepts your kill.
The killer bee stings you but does no damage. x2
You closely miss the killer bee.
The killer bee stings you but does no damage.
The killer bee closely misses you.
You slash the killer bee!
The killer bee is almost dead.
The killer bee barely misses you. x2
You miss the killer bee.
The killer bee is almost dead.
The killer bee stings you.
* * * LOW HITPOINT WARNING * * *
The killer bee stings you but does no damage. x2
The killer bee stings you.
* * * LOW HITPOINT WARNING * * *
You are poisoned.
The killer bee poisons you!
You miss the killer bee.
The killer bee is almost dead.
You feel sick.
The killer bee stings you but does no damage.
The killer bee closely misses you.
You barely miss the killer bee.
The killer bee is almost dead.
You are no longer berserk.
You are exhausted.
You feel yourself slow down.
* * * LOW HITPOINT WARNING * * *
You feel sick. The killer bee closely misses you.
The killer bee barely misses you.
You closely miss the killer bee. Your punch misses the killer bee.
The killer bee is almost dead.
* * * LOW HITPOINT WARNING * * *
You feel sick. The killer bee barely misses you. The killer bee stings you.
* * * LOW HITPOINT WARNING * * *
The killer bee stings you but does no damage. x3
The killer bee stings you.
You die...

...........# #....#....#
...........# #....#....#
...........####....#....#
.......y...........#....#
.....######........#....#
.....#....#........#....#
.... +....#.y......##'###
.... #....##y##....#....#
#....##@y#....'....#
###.....#..#....#...)#
.........#..#....#....#
........<'..#....#..###
####..####..#....####
#..####..#....#
....+.....)....# ....
#.....#....# ####
#######....#


You could see 3 killer bees.

Vanquished Creatures
  An ice beast (D:6)
  A phantom (D:4)
  A scorpion (D:5)
  A jelly (D:6)
  3 killer bees (D:6)
  A howler monkey (D:5)
  2 orc priests (D:6)
  5 hounds
  4 sleepcaps
  4 iguanas
  An orc wizard (D:6)
  5 adders
  A gnoll (D:5)
  A shadow imp (D:6)
  3 dart slugs
  12 orcs
  7 endoplasms
  4 giant cockroaches
  7 goblins
  3 hobgoblins
  3 quokkas (D:2)
  7 ball pythons
  5 bats
  4 frilled lizards
  3 kobolds
  2 rats (D:1)
  A spectral orc (D:4)
92 creatures vanquished.

Notes
Turn   | Place    | Note
-------+----------+-------------------------------------------
     0 | D:1      | dredge the Human Berserker began the quest for the Orb.
     0 | D:1      | Reached XP level 1. HP: 18/18 MP: 1/1
   247 | D:1      | Reached XP level 2. HP: 24/24 MP: 2/2
   983 | D:2      | Reached XP level 3. HP: 29/29 MP: 3/3
  1458 | D:2      | Reached ** piety under Trog
  1898 | D:3      | Reached XP level 4. HP: 36/36 MP: 2/4
  1976 | D:3      | Found a shimmering blue altar of Sif Muna.
  2220 | D:3      | Found a sacrificial altar of Ru.
  2562 | D:4      | Noticed an earth elemental
  2562 | D:4      | Found a stormy altar of Qazlal.
  2564 | D:4      | Noticed a water elemental
  2564 | D:4      | Noticed a fire elemental
  2564 | D:4      | Noticed an air elemental
  2618 | D:4      | Found a large runed translucent door.
  2619 | D:4      | Found a large runed translucent door.
  2636 | D:4      | Found an ancient bone altar of Kikubaaqudgha.
  2641 | D:4      | Reached skill level 4 in Long Blades
  2651 | D:4      | Found a sparkling altar of Nemelex Xobeh.
  2680 | D:4      | Noticed a phantom
  2699 | D:4      | Killed a phantom
  2700 | D:4      | Reached XP level 5. HP: 30/42 MP: 3/5
  2852 | D:4      | Reached XP level 6. HP: 13/48 MP: 2/6
  2856 | D:4      | Reached skill level 5 in Long Blades
  2859 | D:4      | HP: 3/72 [orc/+0 dagger (3)]
  3224 | D:4      | Found a basalt altar of Yredelemnul.
  3320 | D:5      | Entered Level 5 of the Dungeon
  3505 | D:5      | Found Niw Voix's Weapon Shoppe.
  3546 | D:5      | Bought a +0 scimitar of holy wrath for 119 gold pieces
  3603 | D:5      | Reached XP level 7. HP: 47/54 MP: 5/7
  3764 | D:5      | Found a staircase to the Ecumenical Temple.
  3794 | D:5      | Reached skill level 6 in Long Blades
  3979 | D:5      | Found a blossoming altar of Fedhas.
  4389 | D:6      | Reached XP level 8. HP: 43/60 MP: 4/8
  4397 | D:6      | Reached skill level 7 in Long Blades
  4635 | D:6      | Identified the +8 arbalest of Circularity {heavy, Fragile
                  | rPois Int+2 Stlth+}
  4750 | D:6      | HP: 3/61 [poisoned by a killer bee]
  4750 | D:6      | HP: 1/61 [killer bee (2)]
  4750 | D:6      | Slain by a killer bee

Illustrated notes

Levels and vault maps discovered:
D:1:      dpeg_arrival_rooms_c, layout_basic
D:2:      layout_loops_corners
D:3:      layout_loops_cross, nicolae_ru_sacrificial_ziggurat, led_sif_pool,
          minmay_misc_feat_ornament
D:4:      layout_cave_pools, jmf_multi_god_temple2,
          nicolae_qazlal_style_of_elements, yredelemnul_forgotten_temple_becter,
          minmay_circle_x
D:5:      layout_basic, marbit_many_paths, minmay_temple_entry_tees,
          serial_shops, shop, corexii_leaking_fountain, cheibrodos_gnoll_hut
D:6:      layout_gridville, general_overflow_altar,
          gammafunk_ghost_abyssal_escape, uniq_sigmund

Skill      XL: |  1  2  3  4  5  6  7  8 |
---------------+-------------------------+-----
Long Blades    | 4 5 6 7 |  7.9
Armour         | 3 4 |  4.8
Fighting       | 4 |  4.5
Dodging        | |  2.3
Stealth        | |  0.1

Action                     |  1- 3 |  4- 6 |  7- 9 || total
---------------------------+-------+-------+-------++-------
  Melee: Falchion          |   120 |   150 |       ||   270
         Punch             |     4 |       |     1 ||     5
         Scimitar          |       |     6 |   154 ||   160
 Invoke: Berserk           |     2 |     1 |     2 ||     5
         Trog's Hand       |       |       |     1 ||     1
    Use: Scroll            |       |     4 |       ||     4
 Armour: Robe              |     3 |       |       ||     3
         Chain mail        |    13 |       |       ||    13
         Plate armour      |    55 |   101 |   135 ||   291
  Dodge: Dodged            |    52 |    75 |    99 ||   226

Table legend: (Time is in decaauts)
 A = Elapsed time spent in this place.
 B = Non-inter-level travel time spent in this place.
 C = Inter-level travel time spent in this place.
 D = Time resting spent in this place.
 E = Time spent auto-exploring this place.
 F = Levels seen in this place.
 G = Mean time per level.
                   A        B        C        D        E       F      G
               +--------+--------+--------+--------+--------+-----+--------+
         Total |   4805 |   4487 |    318 |    240 |   3303 |   6 |  800.8 |
       Dungeon |   4805 |   4487 |    318 |    240 |   3303 |   6 |  800.8 |
               +--------+--------+--------+--------+--------+-----+--------+

Top non-repeatable levels by time:
     D:2: 960 daAuts
     D:5: 868 daAuts
     D:1: 853 daAuts
     D:3: 778 daAuts
     D:4: 770 daAuts
     D:6: 574 daAuts
